 Dungeon Crawl Stone Soup version 0.20-a0-350-ga83eecc (webtiles) character file.

4798 hairmachine the Transmogrifier (level 10, -16/104 HPs)
             Began as an Ogre Transmuter on Dec 23, 2016.
             Was a High Priest of Okawaru.
             Demolished by a two-headed ogre
             ... wielding a +0 giant spiked club
              (19 damage)
             ... on level 8 of the Dungeon.
             The game lasted 01:14:22 (14021 turns).

hairmachine the Transmogrifier (Ogre Transmuter)   Turns: 14021, Time: 01:14:24

Health: -16/104    AC:  2    Str: 16    XL:     10   Next: 48%
Magic:  16/16      EV: 19    Int: 17    God:    Okawaru [*****.]
Gold:   92         SH:  0    Dex: 14    Spells: 2/17 levels left

rFire  . . .     SeeInvis .       - Unarmed
rCold  . . .     Gourm    .     (armour currently unavailable)
rNeg   + . .     Faith    .     (shield currently unavailable)
rPois  x         Spirit   .     (helmet currently unavailable)
rElec  .         Reflect  .     (cloak currently unavailable)
rCorr  .         Harm     .     (gloves unavailable)
MR     +....                    (boots unavailable)
Stlth  +.........               (no amulet)
                                w - ring of wizardry {wiz+, !d}
                                n - ring of positive energy {rN+}

@: spider-form, starving
A: unfitting armour, (tough skin 0)
a: End Transformation, Heroism, Finesse, Renounce Religion


You were on level 8 of the Dungeon.
You worshipped Okawaru.
Okawaru was extremely pleased with you.
You were starving.
You were a venomous arachnid creature.
You visited 2 branches of the dungeon, and saw 9 of its levels.

You collected 482 gold pieces.
You spent 390 gold pieces at shops.


Innate Abilities, Weirdness & Mutations

You are too large for most types of armour.
((You have tough skin. (AC +1)))


   Skills:
 + Level 7.7 Fighting
 + Level 1.9 Dodging
 + Level 7.1 Unarmed Combat
 - Level 4.0 Spellcasting
 + Level 0.5 Summonings
 - Level 10.4 Transmutations
 + Level 0.5 Air Magic
 - Level 1.3 Poison Magic


You had 2 spell levels left.
You knew the following spells:

 Your Spells              Type           Power        Failure   Level  Hunger
a - Beastly Appendage     Tmut           #####.       1%          1    None
b - Sticks to Snakes      Tmut           #####...     1%          2    ##.....
c - Spider Form           Tmut/Pois      ###.......   7%          3    ###....
d - Summon Lightning Spi  Summ/Air       #.......     82%         4    ####...
q - Blade Hands           Tmut           #####.....   9%          5    ######.

Inventory:

Missiles
 a - 39 arrows
 o - 39 stones (quivered)
 A - 2 throwing nets {!f=f, !d}
Armour
 z - the +1 robe of Denue (melded) {+Fly rElec rC+}
   (You found it on level 7 of the Dungeon)

   It protects you from cold.
   It insulates you from electricity.
   It lets you fly.
Jewellery
 n - a ring of positive energy (left front leg) {rN+}
   (You found it on level 6 of the Dungeon)
 w - a ring of wizardry (right front leg) {wiz+, !d}
   (You bought it in a shop on level 6 of the Dungeon)
Wands
 b - a wand of flame (21/48)
   (You found it on level 8 of the Dungeon)
 s - a wand of flame (15/48)
   (You found it on level 3 of the Dungeon)
 B - a wand of slowing (33/48)
   (You found it on level 8 of the Dungeon)
 C - a wand of random effects (25/48)
   (You found it on level 5 of the Dungeon)
Scrolls
 f - a scroll of fog {!r, unknown}
 j - a scroll of silence {!r, unknown}
 k - 2 scrolls of remove curse {!r, unknown}
 q - a scroll of identify {!r}
 r - a scroll of enchant weapon {!r, unknown}
 t - 4 scrolls of teleportation {!r}
 x - a scroll of magic mapping {!r, unknown}
 y - 3 scrolls of amnesia {!r, unknown}
 L - 2 scrolls of blinking {!r}
Potions
 e - 2 potions of magic {!q}
 h - 2 potions of might {!q, unknown}
 i - a potion of haste {!q}
 m - a potion of agility {!q, unknown}
 u - 2 potions of heal wounds {!q}
Comestibles
 d - 8 bread rations
 l - 4 meat rations
 p - a beef jerky
 v - 8 fruits

Dungeon Overview and Level Annotations

Branches:
Dungeon (8/15)             Temple (1/1) D:4            Lair (0/6) D:8

Altars:
Ashenzari
Cheibriados
Dithmenos
Elyvilon
Fedhas
Hepliaklqana
Nemelex Xobeh
Okawaru
Qazlal
Ru
Trog
Uskayaw
Vehumet
Yredelemnul
Zin
The Shining One
Beogh

Shops:
D:6 =   D:8 ?

Annotations:
D:2 exclusion: 3 downstairs
D:4 exclusion: downstairs
D:5 exclusion: downstairs
D:6 exclusion: 2 downstairs
D:7 exclusions: 3 downstairs and orc wizard
D:8 exclusions: eye of draining and 1 more exclusion

...## #...###....##
....## #........#
##...###....P......P...##
##........#...........##
R
##.........##.........##
###..........####.....###
.............. #.......#
............####........#
###.........#
#.........#######
##.......##
#..........(....#


You could see a two-headed ogre.


Message History

The kobold hits you but does no damage.
The big kobold hits you from afar with a trident.
Damage: -4%(-4hp) hp: 81%(82hp)
You slash the kobold!
You kill the kobold!
The big kobold hits you from afar with a trident.
Damage: -3%(-3hp) hp: 78%(79hp)
The big kobold hits you with a trident!
Items here: )) †† a dagger; a short sword; a kobold corpse x2; Damage: -6%(-6hp) hp: 72%(73hp)
You slash the big kobold!
The big kobold is moderately wounded.
The big kobold hits you with a trident!
* * * LOW HITPOINT WARNING * * *
Damage: -9%(-9hp) hp: 63%(64hp)
You hit the big kobold.
The big kobold is severely wounded.
You slash the big kobold! You slash the big kobold.
You kill the big kobold!
No target in view!
Things that are here:
a trident; 22 stones
Items here: )) †† a dagger; a short sword; a kobold corpse x2
Items here: )))) [ an uncursed short sword; an uncursed blowgun; a short sword; a robe; a dagger
Things that are here:
a dagger; a stone You start resting.
Magic restored.
Your transformation is almost over.
You start resting.
Your hands revert to their normal proportions.
You start resting.
You are feeling very hungry.
Unknown command.
You start resting.
HP restored.
There is a stone staircase leading down here.
This staircase is marked as excluded!
Enter next level anyway?
You climb downwards.
Level annotation: exclusions: eye of draining and 1 more exclusion
There is a stone staircase leading up here.
Unknown command.
The yak bellows!
Casting: Blade Hands
Confirm with . or Enter, or press ? or * to list all spells.
Your hands turn into razor-sharp scythe blades.
You are near starving!
You hit the yak.
The yak is lightly wounded.
The yak barely misses you.
You barely miss the yak.
The yak is lightly wounded.
The yak gores you.
Damage: -4%(-5hp) hp: 96%(99hp)
You slice the yak!!
The yak is heavily wounded.
You slash the yak! Your slash misses the yak.
The yak is almost dead.
Your transformation is almost over.
The yak gores you!
Damage: -12%(-12hp) hp: 84%(87hp)
You slice the yak!!
You kill the yak!
Your hands revert to their normal proportions.
Search for what [Enter for "wizardry", or ? for help]? ring
There is a stone staircase leading up here.
Found a stone staircase leading down.
Magic restored.
Found a hand axe.
HP restored.
You see here a hand axe.
You see here a hand axe.
The two-headed ogre shouts in stereo!
The two-headed ogre is too close now for your liking.
Unknown command.
The two-headed ogre hits you with a giant spiked club!
The two-headed ogre hits you with a giant club!!
* * * LOW HITPOINT WARNING * * *
Huge Dmg: -32%(-34hp) hp: 68%(70hp)
Casting: Blade Hands
Confirm with . or Enter, or press ? or * to list all spells.
You turn into a venomous arachnid creature.
The +1 robe of Denue {+Fly rElec rC+} melds into your body.
You bite the two-headed ogre!
The two-headed ogre is lightly wounded.
The two-headed ogre hits you with a giant spiked club!!
* * * LOW HITPOINT WARNING * * *
The two-headed ogre hits you with a giant club!!
* * * LOW HITPOINT WARNING * * *
Huge Dmg: -48%(-50hp) hp: 21%(21hp)
A two-headed ogre comes into view. It is wielding two giant clubs.
The two-headed ogre moves out of view.
You are starving!
The two-headed ogre hits you with a giant spiked club!!
* * * LOW HITPOINT WARNING * * *
The two-headed ogre hits you with a giant club!!
You die...

Vault maps used:
D:1:      kilobyte_arrival_exit_the_forest, glass_columns_c,
          lemuel_another_geyser
D:5:      first_bread
D:6:      lemuel_ratsnest, serial_shops, shop
D:7:      grunt_temple_overflow_open, minmay_a_box_with_orc_wizards_in_it
D:8:      minmay_bloctagon, grunt_temple_overflow_champion_of_chaos,
          tso_metal_star, david_lair_generic, serial_shops, kennysheep_mini,
          enter_ossuary_4, grunt_pizzeria, david_defended_altar_orc, uniq_pikel
Temple:   nicolae_temple_figure_eight

Notes
Turn   | Place    | Note
-------+----------+-------------------------------------------
     0 | D:1      | hairmachine the Ogre Transmuter began the quest for the Orb.
     0 | D:1      | Reached XP level 1. HP: 19/19 MP: 3/3
   245 | D:1      | Reached skill level 2 in Transmutations
   433 | D:1      | Reached XP level 2. HP: 18/27 MP: 3/5
   631 | D:1      | Learned a level 2 spell: Sticks to Snakes
  1585 | D:2      | Reached XP level 3. HP: 33/33 MP: 0/6
  2644 | D:3      | Noticed a phantom
  2689 | D:3      | Reached skill level 3 in Transmutations
  3037 | D:3      | Noticed a phantom
  3042 | D:3      | Learned a level 3 spell: Spider Form
  3143 | D:3      | Reached XP level 4. HP: 34/41 MP: 5/7
  3824 | D:4      | Found a staircase to the Ecumenical Temple.
  3833 | Temple   | Entered the Ecumenical Temple
  4040 | Temple   | Became a worshipper of Warmaster Okawaru
  4116 | D:4      | Reached skill level 1 in Poison Magic
  4116 | D:4      | Reached XP level 5. HP: 35/48 MP: 8/8
  4410 | D:4      | Noticed an ogre
  4456 | D:4      | Killed an ogre
  4456 | D:4      | Reached * piety under Okawaru
  4456 | D:4      | Reached XP level 6. HP: 55/55 MP: 2/10
  4745 | D:4      | Reached skill level 4 in Transmutations
  4757 | D:4      | Learned a level 5 spell: Blade Hands
  5212 | D:4      | Noticed a phantom
  5421 | D:5      | Entered Level 5 of the Dungeon
  5609 | D:5      | Reached XP level 7. HP: 51/62 MP: 12/12
  5845 | D:5      | Reached skill level 5 in Unarmed Combat
  5953 | D:4      | Reached ** piety under Okawaru
  6366 | D:5      | Reached skill level 5 in Transmutations
  6641 | D:5      | Reached XP level 8. HP: 70/70 MP: 10/14
  6822 | D:6      | Found Tysoefoz's Jewellery Shoppe.
  7270 | D:6      | Reached skill level 6 in Transmutations
  7328 | D:6      | Reached *** piety under Okawaru
  8545 | D:6      | Reached skill level 7 in Transmutations
  9365 | D:7      | Reached XP level 9. HP: 74/79 MP: 13/15
  9383 | D:7      | Found a basalt altar of Yredelemnul.
  9383 | D:7      | Found a stormy altar of Qazlal.
 10014 | D:7      | Got a twisted robe
 10024 | D:7      | Identified the +1 robe of Denue {+Fly rElec rC+} (You found it on level 7 of the Dungeon)
 10094 | D:7      | Reached **** piety under Okawaru
 10481 | D:6      | Reached skill level 8 in Transmutations
 10602 | D:8      | Found a staircase to the Lair.
 10602 | D:8      | Noticed an elephant
 10865 | D:8      | Noticed Pikel
 10916 | D:7      | Killed Pikel
 11142 | D:7      | Reached skill level 5 in Fighting
 11445 | D:8      | Killed an elephant
 11445 | D:8      | Reached skill level 9 in Transmutations
 12278 | D:8      | Reached XP level 10. HP: 78/98 MP: 16/16
 12385 | D:8      | Noticed a two-headed ogre
 12407 | D:8      | Killed a two-headed ogre
 12407 | D:8      | Reached ***** piety under Okawaru
 12407 | D:8      | Reached skill level 10 in Transmutations
 12657 | D:8      | Found a glowing golden altar of the Shining One.
 12823 | D:8      | Found a roughly hewn altar of Beogh.
 13136 | D:8      | Noticed a two-headed ogre
 13137 | D:8      | Noticed a rakshasa
 13382 | D:8      | Found Lukim's Magic Scroll Shoppe.
 13579 | D:6      | Bought an uncursed ring of wizardry for 390 gold pieces
 13595 | D:6      | Learned a level 4 spell: Summon Lightning Spire
 14011 | D:8      | Noticed a two-headed ogre
 14021 | D:8      | HP: 3/104 [two-headed ogre/giant spiked club (23)]
 14021 | D:8      | Demolished by a two-headed ogre

Vanquished Creatures
  A two-headed ogre (D:8)
  Pikel (D:7)
  An elephant (D:8)
  A yak (D:8)
  2 orc warriors
  4 ice beasts
  3 sky beasts
  2 slaves (D:8)
  8 ogres
  3 phantoms
  2 crocodiles (D:8)
  A big kobold (D:7)
  A bullfrog (D:6)
  2 scorpions
  5 howler monkeys
  A crimson imp (D:7)
  A bullfrog zombie (D:6)
  A jelly (D:8)
  2 bullfrog skeletons
  3 hounds
  2 orc priests
  2 iguanas (D:7)
  4 orc wizards
  6 worker ants
  A killer bee zombie (D:8)
  3 gnolls (D:6)
  9 river rats (D:6)
  8 adders
  2 shadow imps
  An adder skeleton (D:8)
  An adder zombie (D:5)
  A worm (D:3)
  A dart slug (D:3)
  A leopard gecko (D:8)
  5 orcs
  A ball python (D:4)
  4 giant cockroaches
  8 goblins
  3 hobgoblins (D:3)
  11 jackals
  16 kobolds
  9 quokkas
  11 bats
  4 frilled lizards
  A goblin zombie (D:8)
  A jackal skeleton (D:5)
  A jackal zombie (D:7)
  A quokka zombie (D:8)
  18 rats
181 creatures vanquished.

Vanquished Creatures (collateral kills)
  An ogre (D:5)
  A hound (D:4)
  3 worms
  2 leopard geckos
  A hobgoblin (D:3)
  A jackal (D:4)
  A frilled lizard (D:3)
10 creatures vanquished.

Vanquished Creatures (others)
  2 slaves (D:8)
  A phantom (D:8)
  3 orc priests (D:8)
  An orc wizard (D:8)
7 creatures vanquished.

Grand Total: 198 creatures vanquished

Action                   |  1- 3 |  4- 6 |  7- 9 | 10-12 || total
-------------------------+-------+-------+-------+-------++-------
Melee: Unarmed           |   184 |    79 |   428 |    80 ||   771
       Kick              |     7 |     5 |    28 |       ||    40
       Headbutt          |     4 |       |     9 |       ||    13
       Punch             |     2 |     1 |     8 |     1 ||    12
Throw: Stone             |    49 |     2 |    41 |     1 ||    93
 Cast: Beastly Appendage |    21 |     7 |    20 |       ||    48
       Sticks to Snakes  |     8 |    13 |    11 |       ||    32
       Spider Form       |       |     5 |    28 |     7 ||    40
       Blade Hands       |       |       |       |     4 ||     4
Invok: Heroism           |       |       |     3 |       ||     3
  Use: Scroll            |     1 |     4 |     5 |       ||    10
 Stab: Distracted        |       |     1 |       |       ||     1
  Eat: Chunk             |     8 |     9 |    17 |     5 ||    39
       Pizza             |       |       |     2 |       ||     2
       Bread ration      |       |       |     1 |       ||     1
Armor: Robe              |    58 |     7 |    52 |     5 ||   122
       Skin              |       |       |     5 |       ||     5
Dodge: Dodged            |   103 |    49 |   198 |    51 ||   401

Skill      XL: |  1  2  3  4  5  6  7  8  9 10 |
---------------+-------------------------------+-----
Transmutations | 2 3 4 5 7 9 10 | 10.4
Unarmed Combat | 3 4 5 6 7 |  7.1
Poison Magic   | 1 |  1.3
Spellcasting   | 3 4 |  4.0
Fighting       | 2 6 7 |  7.7
Dodging        | |  1.9
Summonings     | |  0.5
Air Magic      | |  0.5
